 Dungeon Crawl Stone Soup version 0.28-a0-445-g51f8dfeb47 (webtiles) character file.

Game seed: 13205240110573156613

337 Dabor the Skirmisher (level 6, -4/41 (48) HPs)
             Began as a Formicid Abyssal Knight on Sept 13, 2021.
             Was a Follower of Lugonu.
             Slain by Pikel (6 damage)
             ... on level 4 of the Dungeon.
             The game lasted 00:30:43 (8775 turns).

Dabor the Skirmisher (Formicid Abyssal Knight)      Turns: 8775, Time: 00:30:43

HP:   -4/41 (48)    AC:  5    Str: 18    XL:     6   Next: 85%
MP:   6/8           EV: 11    Int: 12    God:    Lugonu [*.....]
Gold: 129           SH:  0    Dex: 10    Spells: 5/5 levels left

rFire   . . .      SeeInvis +   a - +1 spear
rCold   . . .      Faith    .   (no shield)
rNeg    + . .      Spirit   .   i - +2 leather armour {Will+}
rPois   .          Reflect  .   (helmet unavailable)
rElec   .          Harm     .   o - scarf {+Inv}
rCorr   .          Rampage  .   (no gloves)
Will    +....                   (no boots)
Stlth   +.........              (no amulet)
HPRegen 0.13/turn               l - ring of flight
MPRegen 0.11/turn               q - ring of positive energy

@: flying, contaminated, glowing, heavily drained, invisible (but backlit and
visible)
A: permanent stasis, dig shafts and tunnels, antennae 3, four strong arms
a: Dig, Shaft Self, Renounce Religion, Evoke Invisibility, Depart the Abyss


You were on level 4 of the Dungeon.
You worshipped Lugonu.
Lugonu was aware of your devotion.
You visited 1 branch of the dungeon, and saw 5 of its levels.
You visited the Abyss 1 time.

You collected 185 gold pieces.
You spent 56 gold pieces at shops.

Inventory:

Hand Weapons
 a - a +1 spear (weapon)
 n - a +2 dagger of venom
Missiles
 d - 145 stones (quivered)
Armour
 i - a +2 leather armour of willpower (worn)
 o - a scarf of invisibility (worn)
Jewellery
 h - a ring of see invisible
 j - a ring of ice
 l - a ring of flight (left hand)
 p - a ring of protection from cold
 q - a ring of positive energy (right hand)
Scrolls
 e - a scroll of blinking
Potions
 c - a potion of brilliance
 m - a potion of magic


   Skills:
 + Level 4.1 Fighting
 * Level 3.6 Polearms
 + Level 1.8 Throwing
 + Level 3.2 Armour
 + Level 2.2 Dodging
 + Level 2.2 Shields
 + Level 3.4 Invocations


You had 5 spell levels left.
You didn't know any spells.
Your spell library contained the following spells:

 Spells                   Type           Power      Damage    Failure   Level
 Animate Skeleton         Necr           0%         N/A       36%         1
 Pain                     Necr           0%         1d4       36%         1
 Gell's Gravitas          Tloc           0%         N/A       75%         3
 Teleport Other           Tloc           0%         N/A       75%         3
 Vampiric Draining        Necr           0%         2d6       75%         3
 Summon Forest            Summ/Tloc      0%         N/A       100%        5
 Dispersal                Tloc           0%         N/A       100%        6
 Eringya's Noxious Bog    Tmut/Pois      0%         N/A       100%        6
 Summon Hydra             Summ           0%         N/A       100%        7


Dungeon Overview and Level Annotations

Branches:
Dungeon (5/15)
 Temple: D:4-7

Altars:
Ashenzari
Gozag
Makhleb
Uskayaw

Shops:
D:4 !

Annotations:
D:3 Morbidden's ghost, weakling DgFE
D:4 Pikel


Innate Abilities, Weirdness & Mutations

You cannot be hasted, slowed, berserked, paralysed or teleported.
You can dig through walls and to a lower floor.
You have a pair of large antennae on your head. (SInv)
Your four strong arms can wield two-handed weapons with a shield.


Message History

You finish putting on your scarf of invisibility.
You become transparent for a moment.
You feel drained.
You fade into invisibility!
You are very lightly contaminated with residual magic.
You start resting.
You flicker for a moment.
You start resting.
You flicker back into view.
You start resting.
Magic restored.
You feel drained.
You fade into invisibility!
You are contaminated with residual magic.
You fly downwards.
Level annotation: Pikel Pikel says, "You'll feel the lick of my whip!"
Pikel hits you with a +0 whip of freezing.
Pikel freezes you.
There is a stone staircase leading up here.
You hit Pikel but do no damage.
Pikel hits you with a +0 whip of freezing!
Pikel freezes you.
You hit Pikel but do no damage.
Pikel hits you with a +0 whip of freezing!
Pikel freezes you.
You completely miss Pikel.
Pikel hits you with a +0 whip of freezing!
* * * LOW HITPOINT WARNING * * *
Pikel freezes you.
* * * LOW HITPOINT WARNING * * *
You hit Pikel but do no damage.
Pikel hits you with a +0 whip of freezing.
* * * LOW HITPOINT WARNING * * *
Pikel freezes you.
* * * LOW HITPOINT WARNING * * *
You hit Pikel.
Pikel is lightly wounded.
Pikel hits you with a +0 whip of freezing.
You die...

######.####.###.#
#.#.K.K...# K......#
#.# #.# #.#.##.####
######.# #.#
#.#####.#.##.###### #.#
#.###.#...K...##.......
#.#
#.##..#.###.###########
#.# #.##.##.# #.# #.#
#.##.##.# #.# #.#
#.##.##K###.# #.#
#.##.#@..##.###########
#.#
#......#...............
######.#
####.#...###.######.###
.......# #.##### #.#
#.# K5<###.# #.# #.#
#.# ##.# #.# #.# #.#
#.# #.# #.# #.# #.# #.#
#.# #.# #.# #.# #.#
#.###.#######.# #.# #.#


You could see Pikel.

Vanquished Creatures
  4 lemures
  2 scorpions
  A centaur skeleton (D:4)
  A bullfrog skeleton (D:4)
  An iguana (D:4)
  An orc wizard (D:3)
  4 adders
  An adder skeleton (D:4)
  5 dart slugs
  2 orcs (D:3)
  4 endoplasms
  2 giant cockroaches (D:1)
  3 goblins
  4 hobgoblins
  8 jackals (D:2)
  6 kobolds
  3 quokkas
  4 ball pythons
  2 bats (D:3)
  3 frilled lizards
  5 rats
66 creatures vanquished.

Notes
Turn   | Place    | Note
-------+----------+-------------------------------------------
     0 | Abyss:1  | Dabor the Formicid Abyssal Knight began the quest for the
                  | Orb.
     0 | Abyss:1  | Reached XP level 1. HP: 18/18 MP: 2/2
     0 | D:1      | Escaped the Abyss
    75 | D:1      | Reached skill level 1 in Dodging
    75 | D:1      | Reached XP level 2. HP: 4/24 MP: 3/3
   852 | D:1      | Found a faded altar of an unknown god.
   990 | D:2      | Reached XP level 3. HP: 14/29 MP: 4/4
  1362 | D:2      | Reached * piety under Lugonu
  1648 | D:2      | Reached skill level 1 in Shields
  1648 | D:2      | Reached XP level 4. HP: 30/35 MP: 4/6
  1956 | D:2      | Reached skill level 1 in Throwing
  2941 | D:3      | Reached XP level 5. HP: 39/42 MP: 7/7
  3502 | D:4      | Found an opulent altar of Gozag.
  3570 | D:4      | Found a hide-covered altar of Uskayaw.
  3584 | D:4      | Found a runed translucent door.
  3630 | D:4      | Noticed Morbidden's ghost (weakling DgFE)
  4396 | D:4      | Found a large runed translucent door.
  4396 | D:4      | Found a large runed translucent door.
  5039 | D:4      | Found a broken altar of Ashenzari.
  5046 | D:4      | Found a burning altar of Makhleb.
  5068 | D:4      | Found Voerph's Distillery.
  5076 | D:4      | Bought a potion of might for 56 gold pieces
  5114 | D:4      | Reached XP level 6. HP: 34/48 MP: 8/8
  5213 | D:4      | Noticed Pikel
  5398 | D:3      | HP: 1/48 [lemure[Pikel] (6)]
  5711 | D:4      | Reached skill level 4 in Fighting
  6387 | D:5      | Entered Level 5 of the Dungeon
  6871 | D:5      | Noticed a sky beast
  6940 | D:5      | Noticed an ice beast
  8774 | D:4      | HP: 2/41 [Pikel (1)]
  8775 | D:4      | Slain by Pikel

Illustrated notes

Levels and vault maps discovered:
D:1:      amcnicky_arrival_wind_blow, layout_basic,
          ebering_ecumenical_altar_hall, chequers_arboretum
D:2:      layout_basic
D:3:      layout_basic
D:4:      layout_loops_ring, jmf_multi_god_temple2, lemuel_tele_altar,
          lemuel_doored_altar, ebering_ghost_reflecting_pool, serial_shops,
          shop, uniq_pikel
D:5:      lemuel_ratsnest, layout_rooms, serial_shops, shop_statue

Skill      XL: |  1  2  3  4  5  6 |
---------------+-------------------+-----
Dodging        | 1 2 |  2.2
Shields        | 1 2 |  2.2
Throwing       | 1 |  1.8
Invocations    | 3 |  3.4
Polearms       | 3 |  3.6
Armour         | 3 |  3.2
Fighting       | 4 |  4.1

Action                   |  1- 3 |  4- 6 || total
-------------------------+-------+-------++-------
Melee: Spear             |    97 |   319 ||   416
Throw: Dart              |       |    29 ||    29
       Stone             |       |     1 ||     1
Invok: Depart the Abyss  |     1 |       ||     1
 Abil: Evoke Invisibilit |       |     3 ||     3
       Dig               |       |     1 ||     1
  Use: Scroll            |       |     6 ||     6
       Potion            |       |     5 ||     5
Armor: Leather armour    |    26 |    72 ||    98
Dodge: Dodged            |    66 |   165 ||   231

Table legend: (Time is in decaauts)
 A = Elapsed time spent in this place.
 B = Non-inter-level travel time spent in this place.
 C = Inter-level travel time spent in this place.
 D = Time resting spent in this place.
 E = Time spent auto-exploring this place.
 F = Levels seen in this place.
 G = Mean time per level.
                   A        B        C        D        E       F      G
               +--------+--------+--------+--------+--------+-----+--------+
         Total |   8763 |   8370 |    393 |   1808 |   3505 |   6 | 1460.5 |
       Dungeon |   8763 |   8370 |    393 |   1808 |   3505 |   5 | 1752.6 |
         Abyss |      0 |      0 |      0 |      0 |      0 |   1 |    0.0 |
               +--------+--------+--------+--------+--------+-----+--------+

Top non-repeatable levels by time:
     D:4: 3449 daAuts
     D:3: 2549 daAuts
     D:2: 1300 daAuts
     D:1: 967 daAuts
     D:5: 496 daAuts
